 Dungeon Crawl Stone Soup version 0.25-a0-975-gcae8493d64 (webtiles) character file.

Game seed: 10640798829831680869, levelgen mode: deterministic

22416 Flugslaktarn the Cleaver (level 12, -13/112 HPs)
             Began as a Deep Dwarf Fighter on May 10, 2020.
             Was the Champion of Makhleb.
             Mangled by a titanic slime creature (91 damage)
             ... on level 13 of the Dungeon.
             The game lasted 00:07:21 (9417 turns).

Flugslaktarn the Cleaver (Deep Dwarf Fighter)       Turns: 9417, Time: 00:07:22

Health: -13/112    AC: 24    Str: 30    XL:     12   Next: 62%
Magic:  15/15      EV:  7    Int:  7    God:    Makhleb [******]
Gold:   409        SH: 13    Dex: 16    Spells: 11/11 levels left

rFire    . . .     SeeInvis .   a - +1 war axe
rCold    . . .     Gourm    .   l - +0 kite shield
rNeg     + . .     Faith    +   I - +4 plate armour
rPois    +         Spirit   .   (no helmet)
rElec    .         Reflect  .   C - +2 ratskin cloak {+Rats rPois rN+ Str-1 Int-1 Dex+1}
rCorr    .         Harm     .   q - +1 pair of gloves {Str+3}
MR       ++...                  (no boots)
Stlth    ..........             i - amulet of faith
HPRegen  0.00/turn              m - ring of protection from magic
MPRegen  0.14/turn              u - +5 ring of strength

@: non-regenerating
A: damage resistance, heal wounds, sense surroundings 2, no regeneration
a: Heal Wounds, Minor Destruction, Lesser Servant of Makhleb, Major Destruction,
Greater Servant of Makhleb, Renounce Religion, Evoke Ratskin


You were on level 13 of the Dungeon.
You worshipped Makhleb.
Makhleb was exalted by your worship.
You were not hungry.

You visited 2 branches of the dungeon, and saw 15 of its levels.
You visited the Abyss 1 time.
You also visited: Sewer.

You collected 718 gold pieces.
You spent 309 gold pieces at shops.

Inventory:

Hand Weapons
 a - a +1 war axe (weapon)
 F - a +0 vampiric hand axe
   (You took it off Harold on level 8 of the Dungeon)
Missiles
 y - 4 throwing nets (quivered)
Armour
 l - a +0 kite shield (worn)
 q - a +1 pair of gloves of strength (worn)
   (You bought it in a shop on level 6 of the Dungeon)
 C - the +2 ratskin cloak (worn) {+Rats rPois rN+ Str-1 Int-1 Dex+1}
   (You found it on level 9 of the Dungeon)

   It affects your strength (-1).
   It affects your intelligence (-1).
   It affects your dexterity (+1).
   It protects you from poison.
   It protects you from negative energy.
 I - a +4 plate armour (worn)
   (You found it on level 10 of the Dungeon)
Jewellery
 c - an uncursed ring of protection from cold
   (You found it on level 4 of the Dungeon)
 i - an amulet of faith (around neck)
   (You found it on level 9 of the Dungeon)
 m - a ring of protection from magic (left hand)
   (You found it on level 4 of the Dungeon)
 p - an uncursed ring of ice {unknown}
   (You found it on level 14 of the Dungeon)
 u - a +5 ring of strength (right hand)
   (You found it on level 5 of the Dungeon)
 E - a +3 ring of dexterity
   (You found it on level 10 of the Dungeon)
 H - an uncursed ring of protection from cold
   (You found it on level 5 of the Dungeon)
Wands
 f - a wand of paralysis (8)
   (You found it on level 13 of the Dungeon)
 v - a wand of iceblast (18)
   (You found it on level 9 of the Dungeon)
Scrolls
 n - a scroll of vulnerability {unknown}
 o - 2 scrolls of fog
 r - a scroll of identify
 t - 5 scrolls of teleportation
 x - a scroll of remove curse
 z - a scroll of blinking
 B - 3 scrolls of magic mapping
 G - 2 scrolls of enchant weapon
Potions
 b - 2 potions of magic
 d - 4 potions of might
 g - 5 potions of curing
 j - 2 potions of mutation
 k - a potion of ambrosia
 s - 2 potions of berserk rage
 w - 5 potions of heal wounds
 A - 2 potions of lignification
 D - 3 potions of stabbing
Comestibles
 e - 18 rations
 h - 12 chunks of flesh


   Skills:
 + Level 8.5 Fighting
 * Level 13.3 Axes
 + Level 10.1 Armour
 + Level 10.2 Shields
 + Level 11.1 Invocations


You had 11 spell levels left.
You didn't know any spells.
Your spell library was empty.

Dungeon Overview and Level Annotations

Branches:
Dungeon (14/15)            Temple (1/1) D:4            Lair (0/6) D:8
    Orc (0/2) D:12          Sewer (visited)
 Vaults: D:13-14

Altars:
Ashenzari
Cheibriados
Dithmenos
Fedhas
Gozag
Hepliaklqana
Kikubaaqudgha
Makhleb
Nemelex Xobeh
Qazlal
Ru
Sif Muna
Trog
Uskayaw
Vehumet
Xom
Yredelemnul
Zin

Shops:
D:6 [   D:12 *

Annotations:
D:4 1 runed translucent door, Flugslaktarn's ghost, amateur MiFi


Innate Abilities, Weirdness & Mutations

You are resistant to damage.
You can heal yourself by infusing magical energy.
You passively map the area around you.
You do not regenerate.


Message History

The large slime creature is moderately wounded.
You slash the slime creature!
Two slime creatures merge to form a very large slime creature.
The slime creature hits you!
You hit the slime creature.
The slime creature is moderately wounded.
You hit the very large slime creature.
Two slime creatures merge to form an enormous slime creature.
Two slime creatures merge to form a titanic slime creature.
You slash the slime creature!
The slime creature is heavily wounded.
Your shield and plate armour prevent you from hitting the titanic slime creature.
The slime creature hits you.
You slice the slime creature!!
The slime creature is almost dead.
You hit the titanic slime creature.
The slime creature hits you but does no damage.
The titanic slime creature hits you!!!!
Ouch! That really hurt!
You die...

#..# , ##.# * #.# * #.#
, , , #.# * * #.# * #.#
## *, #.# #. * * #@#**
###.##### #.....JJ....#
#.......# #...........#
#.......## #...........#
#......... #...........#
#.......#.
#...........+.#.......#.
#......[....#[........##
#...........###.......#
, , , #####.###


You could see a titanic slime creature and a slime creature.

Vanquished Creatures
  Harold (D:8)
  2 hydras
  Erolcha (D:11)
  A centaur warrior (D:13)
  3 two-headed ogres
  3 unseen horrors
  2 ugly things
  2 cyclopes
  Joseph (D:8)
  2 centaur zombies
  A spiny frog (shapeshifter) (D:14)
  3 trolls
  A hornet (D:12)
  4 hippogriffs
  15 yaks
  3 wraiths
  3 hungry ghosts
  4 vampire mosquitoes (D:12)
  An acid dragon (D:12)
  2 water moccasins
  A black bear (D:12)
  3 phantoms
  5 sky beasts
  6 ice beasts
  3 orc warriors
  An eye of draining (D:9)
  A necrophage (D:9)
  8 ogres
  11 centaurs
  2 crocodiles
  5 big kobolds
  7 bullfrogs
  2 gnoll sergeants (D:11)
  2 water moccasin zombies
  6 scorpions
  6 killer bees (D:13)
  10 wights
  3 howler monkeys
  5 crimson imps
  3 jellies
  Crazy Yiuf (D:7)
  2 bullfrog skeletons
  3 bullfrog zombies
  11 hounds
  A centaur skeleton (D:12)
  8 orc priests
  13 orc wizards
  2 iguanas (D:10)
  7 worker ants
  A killer bee zombie (D:8)
  A hound zombie (D:5)
  A worker ant zombie (D:11)
  16 gnolls
  9 adders
  A shadow imp (D:11)
  A worm (D:5)
  3 leopard geckos
  48 orcs
  5 ball pythons
  4 giant cockroaches
  31 goblins
  27 hobgoblins
  4 jackals
  2 quokkas
  2 bats
  A frilled lizard (D:1)
  A jackal skeleton (D:5)
  A jackal zombie (D:8)
  23 kobolds
  2 quokka skeletons
  A rat (D:3)
378 creatures vanquished.

Vanquished Creatures (collateral kills)
  A hydra (D:10)
  An orc (D:10)
2 creatures vanquished.

Vanquished Creatures (others)
  An orc wizard (D:14)
1 creature vanquished.

Grand Total: 381 creatures vanquished

Notes
Turn   | Place    | Note
-------+----------+-------------------------------------------
     0 | D:1      | Flugslaktarn the Deep Dwarf Fighter began the quest for the
                  | Orb.
     0 | D:1      | Reached XP level 1. HP: 20/20 MP: 1/1
   204 | D:2      | Reached XP level 2. HP: 27/27 MP: 2/2
   487 | D:4      | Found a staircase to the Ecumenical Temple.
   518 | Temple   | Entered the Ecumenical Temple
   526 | Temple   | Became a worshipper of Makhleb the Destroyer
   575 | D:4      | Noticed a phantom
   579 | D:4      | Reached skill level 3 in Axes
   579 | D:4      | Reached XP level 3. HP: 21/34 MP: 3/3
   622 | D:4      | Killed a phantom
   622 | D:4      | Reached skill level 1 in Invocations
   622 | D:4      | Reached XP level 4. HP: 17/42 MP: 2/4
   622 | D:4      | Reached XP level 5. HP: 20/49 MP: 2/5
   841 | D:4      | Reached skill level 4 in Axes
   890 | D:4      | Reached * piety under Makhleb
   928 | D:4      | Reached XP level 6. HP: 33/56 MP: 6/6
  1188 | D:4      | Reached skill level 5 in Axes
  1203 | D:4      | Reached ** piety under Makhleb
  1203 | D:4      | Reached XP level 7. HP: 21/63 MP: 8/8
  1299 | D:4      | Found a runed translucent door.
  1301 | D:4      | Noticed Flugslaktarn's ghost (amateur MiFi)
  1985 | D:5      | Entered Level 5 of the Dungeon
  2023 | D:5      | Reached skill level 5 in Armour
  2023 | D:5      | Reached skill level 5 in Shields
  2028 | D:5      | Reached skill level 6 in Axes
  2080 | D:5      | Found a glowing drain.
  2097 | Sewer    | Entered a sewer
  2224 | D:5      | Reached XP level 8. HP: 71/73 MP: 10/10
  2581 | D:5      | Reached *** piety under Makhleb
  2588 | D:5      | Reached skill level 5 in Invocations
  2612 | D:5      | Reached skill level 7 in Axes
  2766 | D:6      | Reached skill level 5 in Fighting
  2921 | D:6      | Gained mutation: You passively map the area around you.
                  | [Deep Dwarf growth]
  2921 | D:6      | Reached XP level 9. HP: 48/81 MP: 12/12
  3089 | D:6      | Found a stormy altar of Qazlal.
  3163 | D:6      | Reached skill level 8 in Axes
  3181 | D:6      | Found Kiax's Armour Boutique.
  3204 | D:6      | Bought a +0 pair of gloves of strength for 149 gold pieces
  4032 | D:7      | Reached **** piety under Makhleb
  4099 | D:7      | Found a runed translucent door.
  4100 | D:7      | Noticed Crazy Yiuf
  4156 | D:7      | Reached skill level 9 in Axes
  4562 | D:7      | Killed Crazy Yiuf
  4791 | D:8      | Noticed a two-headed ogre
  4796 | D:8      | Noticed Joseph
  4809 | D:8      | Killed a two-headed ogre
  4809 | D:8      | Reached XP level 10. HP: 68/91 MP: 13/13
  4834 | D:8      | Killed Joseph
  4854 | D:8      | Reached skill level 10 in Axes
  4859 | D:8      | Noticed Harold
  4886 | D:8      | Killed Harold
  4923 | D:8      | Found a staircase to the Lair.
  5637 | D:9      | Found the +2 ratskin cloak {+Rats rPois rN+ Str-1 Int-1
                  | Dex+1}
  5640 | D:9      | Found an opulent altar of Gozag.
  5923 | D:10     | Entered Level 10 of the Dungeon
  6052 | D:10     | Noticed a six-headed hydra
  6084 | D:10     | Killed an 11-headed hydra
  6144 | D:10     | Reached skill level 11 in Axes
  6144 | D:10     | Reached XP level 11. HP: 99/99 MP: 14/14
  6334 | D:10     | Noticed an eight-headed hydra
  6386 | D:10     | Reached ***** piety under Makhleb
  6625 | D:10     | Killed a 13-headed hydra
  6906 | D:10     | Killed an unseen horror
  7347 | D:11     | Noticed a two-headed ogre
  7359 | D:11     | Noticed Erolcha
  7367 | D:11     | Killed a two-headed ogre
  7382 | D:11     | Cast into level 2 of the Abyss (Erolcha)
  7402 | D:11     | Escaped the Abyss
  7404 | D:11     | Killed Erolcha
  7440 | D:11     | Killed an unseen horror
  7440 | D:11     | Reached skill level 12 in Axes
  7453 | D:11     | Noticed a cyan ugly thing
  7477 | D:11     | Killed an unseen horror
  7477 | D:11     | Reached skill level 10 in Invocations
  7482 | D:11     | Killed a cyan ugly thing
  7575 | D:11     | Found a shadowy altar of Dithmenos.
  7649 | D:11     | Reached XP level 12. HP: 110/110 MP: 14/14
  8337 | D:12     | Reached ****** piety under Makhleb
  8404 | D:12     | Paralysed by a hornet for 2 turns
  8554 | D:12     | Found Lykathru's General Store.
  8562 | D:12     | Bought 2 potions of heal wounds for 160 gold pieces
  8879 | D:12     | Reached skill level 13 in Axes
  8976 | D:12     | Found a staircase to the Orcish Mines.
  9170 | D:13     | Noticed a centaur warrior
  9184 | D:13     | Killed a centaur warrior
  9184 | D:13     | Reached skill level 10 in Shields
  9221 | D:13     | You fall into a shaft and drop 1 floor!
  9226 | D:14     | Reached skill level 10 in Armour
  9271 | D:14     | Noticed a two-headed ogre
  9280 | D:14     | Killed a two-headed ogre
  9294 | D:14     | Noticed an eight-headed hydra
  9315 | D:14     | Killed an eight-headed hydra
  9417 | D:13     | Mangled by a titanic slime creature

Illustrated notes

Levels and vault maps discovered:
D:1:      scummos_arrival_hexagon, layout_basic
D:2:      layout_loops_ring, uniq_sigmund
D:3:      layout_loops_ring, first_ration, nicolae_underground_beach
D:4:      minmay_goblin_kobold_castle, layout_basic,
          minmay_temple_entry_large_hall, gammafunk_ghost_grave
D:5:      layout_rooms, cheibrodos_sewer_entry_sluice
D:6:      layout_layer_cave, serial_shops, shop,
          nicolae_qazlal_general_emergency
D:7:      layout_loops_ring, grunt_ogre_cave, uniq_crazy_yiuf_cottage
D:8:      layout_rooms, dpeg_oklobed_lair, hangedman_minor_gate_pass,
          uniq_joseph, uniq_harold
D:9:      layout_irregular_city, lemuel_crystal_altar
D:10:     minmay_bloctagon_deflated, layout_layer_cave
D:11:     layout_loops_ring, basic_altar, uniq_erolcha
D:12:     layout_basic, hiddenorc1_lemuel, serial_shops, shop
D:13:     layout_roguey, basic_altar
D:14:     layout_cave_pools, ximxim_vaults_locker_room, serial_park_square1
          [serial_park_minivault_5x5_3]
Temple:   dpeg_three_leaves_temple

Skill      XL: |  1  2  3  4  5  6  7  8  9 10 11 12 |
---------------+-------------------------------------+-----
Fighting       | 3 4 5 6 7 8 |  8.5
Axes           | 3 4 5 6 7 9 11 12 13 | 13.3
Armour         | 4 5 6 7 8 9 10 | 10.1
Shields        | 4 5 6 7 8 9 10 | 10.2
Invocations    | 1 2 3 4 5 7 8 10 11 | 11.1

Action                   |  1- 3 |  4- 6 |  7- 9 | 10-12 || total
-------------------------+-------+-------+-------+-------++-------
Melee: War axe           |    85 |   165 |   480 |   119 ||   849
       Hand axe          |       |       |       |  1017 ||  1017
Invok: Lesser Servant of |       |       |       |     7 ||     7
 Abil: Heal Wounds       |     1 |     1 |    10 |     8 ||    20
Evoke: Wand              |       |       |       |     2 ||     2
  Use: Scroll            |       |       |    10 |    11 ||    21
       Potion            |       |       |     1 |     1 ||     2
  Eat: Chunk             |       |     2 |     9 |    20 ||    31
       Ration            |       |       |     2 |     3 ||     5
Armor: Scale mail        |    34 |       |       |       ||    34
       Chain mail        |       |    79 |   258 |   253 ||   590
       Plate armour      |       |       |       |   327 ||   327
Dodge: Dodged            |    28 |    42 |    95 |   236 ||   401
Block: Kite shield       |    48 |   102 |   327 |   679 ||  1156

Table legend:
 A = Non-vault XP
 B = Vault XP
 C = Vault XP percentage of total XP
 D = Non-vault monster count
 E = Vault monster count
 F = Vault count percentage of total count
                 A         B        C        D         E       F
            +---------+---------+-------+---------+---------+-------
      Total |   27349 |    4675 |  14.6 |     274 |     106 |  27.9
            +---------+---------+-------+---------+---------+-------
        D:1 |       8 |       0 |   0.0 |       5 |       0 |   0.0
        D:2 |      10 |       0 |   0.0 |       6 |       0 |   0.0
        D:3 |       6 |       0 |   0.0 |       4 |       0 |   0.0
        D:4 |     384 |     522 |  57.6 |      12 |      67 |  84.8
        D:5 |    1129 |       9 |   0.8 |      27 |       4 |  12.9
        D:6 |     968 |       0 |   0.0 |      23 |       0 |   0.0
        D:7 |    1359 |     163 |  10.7 |      21 |       2 |   8.7
        D:8 |    1659 |    1803 |  52.1 |      24 |       5 |  17.2
        D:9 |     765 |       0 |   0.0 |       7 |       0 |   0.0
       D:10 |    5014 |     811 |  13.9 |      36 |       4 |  10.0
       D:11 |    7750 |     959 |  11.0 |      63 |       1 |   1.6
       D:12 |    4021 |     294 |   6.8 |      28 |      17 |  37.8
       D:13 |    1309 |       0 |   0.0 |       7 |       0 |   0.0
       D:14 |    2967 |       0 |   0.0 |      11 |       0 |   0.0
      Sewer |       0 |     114 | 100.0 |       0 |       6 | 100.0
            +---------+---------+-------+---------+---------+-------
